CAROLINA Hurricanes vs BOSTON Bruins

Created - 5 mars 2019 at 16:33

Goals
1 2 3 T
CAROLINA Hurricanes 0 0 2 2
BOSTON Bruins 4 1 2 7
Shots
1 2 3 T
CAROLINA Hurricanes 7 10 8 25
BOSTON Bruins 13 16 11 40

1st period

1. BOSTON Bruins , Matt Dumba 8 (Blake Wheeler 39, Bo Horvat 20) at 0:56
2. BOSTON Bruins , Bo Horvat 9 (Matt Dumba 31, Blake Wheeler 40) at 5:32
3. BOSTON Bruins , Blake Wheeler 21 (Victor Hedman 38, Bo Horvat 21) at 5:47 (PP)
4. BOSTON Bruins , Phil Kessel 19 (Patrice Bergeron 32, Victor Hedman 39) at 12:07

Penalties :
Evgeny Svechnikov (CAR) for Hooking (Minor) at 5:41

2nd period

5. BOSTON Bruins , Brad Marchand 31 (Patrice Bergeron 33, Phil Kessel 26) at 12:08

Penalties :
Joe Morrow (CAR) for Slashing (Minor) at 1:13, Matt Dumba (BOS) for Hooking (Minor) at 13:22

3rd period

6. CAROLINA Hurricanes , Jujhar Khaira 10 (Niklas Kronwall 33, Ivan Provorov 36) at 6:47
7. BOSTON Bruins , David Krejci 13 (Johnny Boychuk 24) at 10:26
8. BOSTON Bruins , Johnny Boychuk 7 (Mattias Ekholm 17, Blake Wheeler 41) at 14:45 (PP)
9. CAROLINA Hurricanes , Kris Russell 11 (Chris Terry 12, Jason Garrison 4) at 17:59

Penalties :
Evgeny Svechnikov (CAR) for Holding (Minor) at 13:35

Goalie Stats

Anders Nilsson (CAR), 33 saves from 40 shots - (0,825), L, 7-19-1, 60:00 minutes
Frederik Andersen (BOS), 23 saves from 25 shots - (0,920), W, 37-19-5, 60:00 minutes

Players Stats for CAROLINA Hurricanes

Player Name              G  A  P  +/- PIM S  H  SB GA TA FO     MP     PP MP  PK MP  
------------------------------------------------------------------------------------
Alex Tuch                0  0  0  -1  0   0  1  0  0  0  0/2    21:39   1:15   0:36 
Andreas Athanasiou       0  0  0  -1  0   5  1  0  0  0  15/41  28:37   1:06   1:36 
Brandon Montour          0  0  0   0  0   0  0  0  0  0  0/0     0:00   0:00   0:00 
Brock McGinn             0  0  0  -2  0   1  2  1  0  0  0/3    23:09   1:15   2:23 
Chris Terry              0  1  1  -1  0   0  1  0  0  0  0/0    11:34   0:44   0:16 
Evgeny Svechnikov        0  0  0  -1  4   2  2  0  0  0  0/6    25:13   0:44   1:17 
Ivan Provorov            0  1  1   0  0   3  5  0  0  0  0/0    24:17   0:44   1:47 
Jason Garrison           0  1  1  -1  0   0  0  0  0  0  0/0    16:33   0:00   0:00 
Joe Morrow               0  0  0  -2  2   2  4  3  0  0  0/0    16:26   0:00   0:00 
Jujhar Khaira            1  0  1   0  0   5  5  0  0  0  6/24   19:07   0:09   0:22 
Kasperi Kapanen          0  0  0   0  0   0  0  0  0  0  1/4    17:35   0:44   0:00 
Kris Russell             1  0  1   0  0   2  0  1  0  0  0/0     8:14   1:15   1:28 
Nikita Soshnikov         0  0  0  -2  0   0  0  0  0  0  0/1    19:49   0:00   0:00 
Niklas Kronwall          0  1  1   0  0   1  0  1  0  0  0/0    24:17   0:44   1:47 
Peter Holland            0  0  0  -1  0   3  0  0  0  0  8/14   10:00   0:00   0:00 
Ryan Pulock              0  0  0   0  0   0  0  0  0  0  0/0     0:00   0:00   0:00 
Toby Enstrom             0  0  0  -2  0   0  3  3  0  0  0/0    19:10   1:15   1:28 
Troy Stecher             0  0  0  -1  0   1  0  1  0  0  0/0    11:02   0:00   0:00 

Players Stats for BOSTON Bruins

Player Name              G  A  P  +/- PIM S  H  SB GA TA FO     MP     PP MP  PK MP  
------------------------------------------------------------------------------------
Adam Cracknell           0  0  0   0  0   0  0  1  0  0  0/1     5:18   0:00   0:00 
Adrian Kempe             0  0  0   1  0   1  0  0  0  0  0/0    12:06   0:00   0:00 
Blake Wheeler            1  3  4   1  0   5  0  0  0  0  3/4    18:53   1:22   0:33 
Bo Horvat                1  2  3   1  0   1  0  0  0  0  16/23  18:53   1:22   0:33 
Brad Marchand            1  0  1   1  0   4  1  0  0  0  1/2    23:43   1:53   1:26 
Darren Archibald         0  0  0   0  0   0  0  0  0  0  0/0     0:00   0:00   0:00 
David Krejci             1  0  1   1  0   3  1  0  0  0  13/21  12:06   0:00   0:00 
Johnny Boychuk           1  1  2   2  0   2  1  0  0  0  0/0    21:57   1:17   0:54 
Kevan Miller             0  0  0   0  0   2  1  0  0  0  0/0    15:54   0:00   1:05 
Logan Shaw               0  0  0   1  0   1  0  0  0  0  1/2    12:06   0:00   0:00 
Matt Dumba               1  1  2   2  2   2  4  2  0  0  0/0    18:36   1:58   0:00 
Mattias Ekholm           0  1  1   1  0   2  0  3  0  0  0/0    22:33   1:17   1:05 
Nolan Patrick            0  0  0   0  0   0  0  0  0  0  6/7     5:18   0:00   0:00 
Patrice Bergeron         0  2  2   1  0   5  0  0  0  0  23/30  23:43   1:53   1:26 
Phil Kessel              1  1  2   1  0   7  0  0  0  0  1/4    22:17   1:53   0:00 
Shea Theodore            0  0  0   0  0   2  0  1  0  0  0/0    14:49   0:00   0:00 
Tomas Hertl              0  0  0   1  0   1  1  0  0  0  1/1    23:38   1:22   0:00 
Victor Hedman            0  2  2   1  0   2  1  1  0  0  0/0    26:10   1:58   0:54 

3 Stars

1 - Blake Wheeler (BOS)
2 - Bo Horvat (BOS)
3 - Matt Dumba (BOS)

Power Play

CAROLINA Hurricanes - 0 on 1 Attempt(s) - 0,00%
BOSTON Bruins - 2 on 3 Attempt(s) - 66,67%

Penalty Kill

CAROLINA Hurricanes - 1 on 3 Attempt(s) - 33,33% - Score 0 goal in Penalty Kill
BOSTON Bruins - 1 on 1 Attempt(s) - 100,00% - Score 0 goal in Penalty Kill

Team Stat

CAROLINA Hurricanes - Hits : 24 - Faceoff Wins : 30 - Blocked Shots : 10 - Penalty Minutes : 6
BOSTON Bruins - Hits : 10 - Faceoff Wins : 65 - Blocked Shots : 8 - Penalty Minutes : 2

Official

Referees : Unknown
Linesman : Unknown

Game Notes

No Game Note

Finance

Level 1 -- Attendance: 5302 (88,37%) -- Ticket Income 530 200 $
Level 2 -- Attendance: 3788 (75,76%) -- Ticket Income 227 280 $
Level 3 -- Attendance: 1989 (99,45%) -- Ticket Income 69 615 $
Level 4 -- Attendance: 4000 (100,00%) -- Ticket Income 80 000 $
Luxury Box -- Attendance: 883 (88,30%) -- Ticket Income 176 600 $
Game was played at the TD Garden.
Total Attendance: 15962 (88,68%)
Total Ticket Income: 1 083 695 $
Other Income: 422 641 $
Total Income: 1 506 336 $

CAROLINA Hurricanes

5 vs 5 Forward 
   Center                   Left Wing                Right Wing               Time % Phy DF OF 
 1 Andreas Athanasiou       Brock McGinn             Alex Tuch                40     1   2  2  
 2 Jujhar Khaira            Kasperi Kapanen          Evgeny Svechnikov        30     1   2  2  
 3 Peter Holland            Nikita Soshnikov         Evgeny Svechnikov        20     1   2  2  
 4 Andreas Athanasiou       Nikita Soshnikov         Chris Terry              10     1   2  2  

5 vs 5 Defense 
   Defense                  Defense                                           Time % Phy DF OF 
 1 Ivan Provorov            Niklas Kronwall                                   40     1   2  2  
 2 Joe Morrow               Toby Enstrom                                      30     1   2  2  
 3 Troy Stecher             Jason Garrison                                    20     1   2  2  
 4 Jason Garrison           Kris Russell                                      10     1   2  2  

PowerPlay Forward 
   Center                   Left Wing                Right Wing               Time % Phy DF OF 
 1 Andreas Athanasiou       Brock McGinn             Alex Tuch                60     1   2  2  
 2 Kasperi Kapanen          Chris Terry              Evgeny Svechnikov        40     1   2  2  

PowerPlay Defense
   Defense                  Defense                                           Time % Phy DF OF 
 1 Ivan Provorov            Niklas Kronwall                                   60     1   2  2  
 2 Kris Russell             Toby Enstrom                                      40     1   2  2  

Penalty Kill 4 Players Forward 
   Center                   Wing                     Time % Phy DF OF 
 1 Evgeny Svechnikov        Brock McGinn             60     1   2  2  
 2 Alex Tuch                Andreas Athanasiou       40     1   2  2  

Penalty Kill 4 Players Defense
   Defense                  Defense                  Time % Phy DF OF 
 1 Ivan Provorov            Niklas Kronwall          60     1   2  2  
 2 Kris Russell             Toby Enstrom             40     1   2  2  

Penalty Kill - 3 Players Forward 
   Forward                                           Time % Phy DF OF 
 1 Evgeny Svechnikov                                 60     1   2  2  
 2 Brock McGinn                                      40     1   2  2  

Penalty Kill - 3 Players Defense
   Defense                  Defense                  Time % Phy DF OF 
 1 Ivan Provorov            Niklas Kronwall          60     1   2  2  
 2 Kris Russell             Toby Enstrom             40     1   2  2  

4 vs 4 Forward 
   Center                   Wing                     Time % Phy DF OF 
 1 Andreas Athanasiou       Brock McGinn             60     1   2  2  
 2 Alex Tuch                Evgeny Svechnikov        40     1   2  2  

4 vs 4 Defense
   Defense                  Defense                  Time % Phy DF OF 
 1 Ivan Provorov            Niklas Kronwall          60     1   2  2  
 2 Kris Russell             Toby Enstrom             40     1   2  2  

Last Minutes Offensive
   Center                   Left Wing                Right Wing               Defense                  Defense                  
   Andreas Athanasiou       Brock McGinn             Alex Tuch                Ivan Provorov            Niklas Kronwall          

Last Minutes Defensive
   Center                   Left Wing                Right Wing               Defense                  Defense                  
   Andreas Athanasiou       Brock McGinn             Alex Tuch                Ivan Provorov            Niklas Kronwall          

Goaltenders
Starting : Anders Nilsson           
Backup : Calvin Pickard           

Extra Forwards
Normal : Andreas Athanasiou, Brock McGinn, Evgeny Svechnikov - PP : Evgeny Svechnikov, Brock McGinn - PK : Brock McGinn
Extra Defensemen
Normal : Ivan Provorov, Brandon Montour, Joe Morrow - PP : Niklas Kronwall - PK : Brandon Montour, Joe Morrow
Penalty Shots
Evgeny Svechnikov, Brock McGinn, Andreas Athanasiou, Kasperi Kapanen, Alex Tuch

BOSTON Bruins

5 vs 5 Forward 
   Center                   Left Wing                Right Wing               Time % Phy DF OF 
 1 Patrice Bergeron         Brad Marchand            Phil Kessel              40     1   2  2  
 2 Bo Horvat                Blake Wheeler            Tomas Hertl              30     1   2  2  
 3 David Krejci             Adrian Kempe             Logan Shaw               20     1   2  2  
 4 Nolan Patrick            Adam Cracknell           Tomas Hertl              10     1   2  2  

5 vs 5 Defense 
   Defense                  Defense                                           Time % Phy DF OF 
 1 Victor Hedman            Mattias Ekholm                                    40     1   2  2  
 2 Johnny Boychuk           Matt Dumba                                        30     1   2  2  
 3 Kevan Miller             Shea Theodore                                     20     1   2  2  
 4 Victor Hedman            Johnny Boychuk                                    10     1   2  2  

PowerPlay Forward 
   Center                   Left Wing                Right Wing               Time % Phy DF OF 
 1 Patrice Bergeron         Brad Marchand            Phil Kessel              60     1   2  2  
 2 Bo Horvat                Blake Wheeler            Tomas Hertl              40     1   2  2  

PowerPlay Defense
   Defense                  Defense                                           Time % Phy DF OF 
 1 Victor Hedman            Matt Dumba                                        60     1   2  2  
 2 Johnny Boychuk           Mattias Ekholm                                    40     1   2  2  

Penalty Kill 4 Players Forward 
   Center                   Wing                     Time % Phy DF OF 
 1 Patrice Bergeron         Brad Marchand            60     1   2  2  
 2 Bo Horvat                Blake Wheeler            40     1   2  2  

Penalty Kill 4 Players Defense
   Defense                  Defense                  Time % Phy DF OF 
 1 Victor Hedman            Johnny Boychuk           60     1   2  2  
 2 Kevan Miller             Mattias Ekholm           40     1   2  2  

Penalty Kill - 3 Players Forward 
   Forward                                           Time % Phy DF OF 
 1 Patrice Bergeron                                  60     1   2  2  
 2 Brad Marchand                                     40     1   2  2  

Penalty Kill - 3 Players Defense
   Defense                  Defense                  Time % Phy DF OF 
 1 Victor Hedman            Johnny Boychuk           60     1   2  2  
 2 Kevan Miller             Mattias Ekholm           40     1   2  2  

4 vs 4 Forward 
   Center                   Wing                     Time % Phy DF OF 
 1 Brad Marchand            Blake Wheeler            60     1   2  2  
 2 Patrice Bergeron         Phil Kessel              40     1   2  2  

4 vs 4 Defense
   Defense                  Defense                  Time % Phy DF OF 
 1 Victor Hedman            Matt Dumba               60     1   2  2  
 2 Johnny Boychuk           Mattias Ekholm           40     1   2  2  

Last Minutes Offensive
   Center                   Left Wing                Right Wing               Defense                  Defense                  
   Patrice Bergeron         Brad Marchand            Phil Kessel              Victor Hedman            Matt Dumba               

Last Minutes Defensive
   Center                   Left Wing                Right Wing               Defense                  Defense                  
   Patrice Bergeron         Brad Marchand            Tomas Hertl              Victor Hedman            Mattias Ekholm           

Goaltenders
Starting : Frederik Andersen        
Backup : Louis Domingue           

Extra Forwards
Normal : Darren Archibald, David Krejci, Nolan Patrick - PP : Darren Archibald, David Krejci - PK : Nolan Patrick
Extra Defensemen
Normal : Kevan Miller, Shea Theodore, Johnny Boychuk - PP : Kevan Miller - PK : Shea Theodore, Johnny Boychuk
Penalty Shots
Brad Marchand, Blake Wheeler, Patrice Bergeron, Phil Kessel, Bo Horvat


% Time on Ice - CAROLINA Hurricanes

Lines # - Real PCT - Wanted PCT - Time Play
Normal Forward
1 - 34% - 40% - 18:24
2 - 31% - 30% - 16:51
3 - 18% - 20% - 9:39
4 - 18% - 10% - 9:52
Normal Defense
1 - 40% - 40% - 21:46
2 - 30% - 30% - 16:27
3 - 20% - 20% - 11:02
4 - 10% - 10% - 5:31
PP Forward
1 - 63% - 60% - 1:15
2 - 37% - 40% - 0:44
PP Defense
1 - 37% - 60% - 0:44
2 - 63% - 40% - 1:15
PK Forward
1 - 82% - 60% - 2:39
2 - 18% - 40% - 0:36
PK Defense
1 - 55% - 60% - 1:47
2 - 45% - 40% - 1:28
PK3 Forward
1 - 0% - 60%
2 - 0% - 40%
PK3 Defense
1 - 0% - 60%
2 - 0% - 40%
44 Forward
1 - 0% - 60%
2 - 0% - 40%
44 Defense
1 - 0% - 60%
2 - 0% - 40%
Last Minute Offensive  - 0:00
Last Minute Defensive  - 0:00
Total
Forward - 60:00
Defense - 60:00

% Time on Ice - BOSTON Bruins

Lines # - Real PCT - Wanted PCT - Time Play
Normal Forward
1 - 37% - 40% - 20:24
2 - 31% - 30% - 16:58
3 - 22% - 20% - 12:06
4 - 10% - 10% - 5:18
Normal Defense
1 - 37% - 40% - 20:11
2 - 30% - 30% - 16:39
3 - 27% - 20% - 14:49
4 - 6% - 10% - 3:07
PP Forward
1 - 58% - 60% - 1:53
2 - 42% - 40% - 1:22
PP Defense
1 - 61% - 60% - 1:58
2 - 39% - 40% - 1:17
PK Forward
1 - 72% - 60% - 1:26
2 - 28% - 40% - 0:33
PK Defense
1 - 45% - 60% - 0:54
2 - 55% - 40% - 1:05
PK3 Forward
1 - 0% - 60%
2 - 0% - 40%
PK3 Defense
1 - 0% - 60%
2 - 0% - 40%
44 Forward
1 - 0% - 60%
2 - 0% - 40%
44 Defense
1 - 0% - 60%
2 - 0% - 40%
Last Minute Offensive  - 0:00
Last Minute Defensive  - 0:00
Total
Forward - 60:00
Defense - 60:00

Play-by-Play

1st period


0:01 of 1st period - Patrice Bergeron wins face-off versus Andreas Athanasiou in neutral zone.
0:18 of 1st period - Shot by Niklas Kronwall.
0:18 of 1st period - Shot Blocked by Victor Hedman.
0:20 of 1st period - Shot by Brock McGinn.
0:20 of 1st period - Shot Misses the Net.
0:36 of 1st period - Shot by Phil Kessel.
0:36 of 1st period - Stopped by Anders Nilsson without a rebound.
0:37 of 1st period - Bo Horvat wins face-off versus Jujhar Khaira in CAROLINA Hurricanes zone.
0:54 of 1st period - Shot by Blake Wheeler.
0:54 of 1st period - Shot Blocked by Toby Enstrom.
0:56 of 1st period - Shot by Matt Dumba.
0:56 of 1st period - Goal by Matt Dumba - CAROLINA Hurricanes : 0 - BOSTON Bruins : 1.
0:57 of 1st period - David Krejci wins face-off versus Andreas Athanasiou in neutral zone.
1:06 of 1st period - Shot by David Krejci.
1:06 of 1st period - Stopped by Anders Nilsson without a rebound.
1:07 of 1st period - Nolan Patrick wins face-off versus Peter Holland in CAROLINA Hurricanes zone.
1:30 of 1st period - Shot by Evgeny Svechnikov.
1:30 of 1st period - Stopped by Frederik Andersen with a rebound.
1:40 of 1st period - Icing by Victor Hedman.
1:41 of 1st period - Nolan Patrick wins face-off versus Andreas Athanasiou in BOSTON Bruins zone.
1:56 of 1st period - Shot by Adam Cracknell.
1:56 of 1st period - Shot Blocked by Toby Enstrom.
2:17 of 1st period - David Krejci is hit by Joe Morrow and loses puck.
2:35 of 1st period - Icing by Shea Theodore.
2:36 of 1st period - Jujhar Khaira wins face-off versus David Krejci in BOSTON Bruins zone.
2:39 of 1st period - Shot by Jujhar Khaira.
2:39 of 1st period - Stopped by Frederik Andersen with a rebound.
2:41 of 1st period - Shot by Kasperi Kapanen.
2:41 of 1st period - Shot Blocked by Shea Theodore.
3:55 of 1st period - Shot by Phil Kessel.
3:55 of 1st period - Stopped by Anders Nilsson without a rebound.
3:56 of 1st period - Andreas Athanasiou wins face-off versus Bo Horvat in CAROLINA Hurricanes zone.
4:03 of 1st period - Shot by Joe Morrow.
4:03 of 1st period - Stopped by Frederik Andersen with a rebound.
4:05 of 1st period - Shot by Brock McGinn.
4:05 of 1st period - Shot Misses the Net.
4:14 of 1st period - Icing by Johnny Boychuk.
4:15 of 1st period - Blake Wheeler wins face-off versus Andreas Athanasiou in BOSTON Bruins zone.
4:15 of 1st period - Blake Wheeler is hit by Andreas Athanasiou.
4:27 of 1st period - Shot by Blake Wheeler.
4:27 of 1st period - Stopped by Anders Nilsson without a rebound.
4:28 of 1st period - Andreas Athanasiou wins face-off versus Patrice Bergeron in CAROLINA Hurricanes zone.
4:40 of 1st period - Brock McGinn is hit by Victor Hedman and loses puck.
5:10 of 1st period - Shot by Patrice Bergeron.
5:10 of 1st period - Deflect By Phil Kessel.
5:10 of 1st period - Shot Blocked by Brock McGinn.
5:30 of 1st period - Shot by Matt Dumba.
5:30 of 1st period - Shot Misses the Net.
5:32 of 1st period - Shot by Bo Horvat.
5:32 of 1st period - Goal by Bo Horvat - CAROLINA Hurricanes : 0 - BOSTON Bruins : 2.
5:33 of 1st period - Peter Holland wins face-off versus Logan Shaw in neutral zone.
5:38 of 1st period - Shot by Evgeny Svechnikov.
5:38 of 1st period - Stopped by Frederik Andersen without a rebound.
5:39 of 1st period - Peter Holland wins face-off versus Bo Horvat in BOSTON Bruins zone.
5:39 of 1st period - Evgeny Svechnikov is hit by Matt Dumba and loses puck.
5:41 of 1st period - Minor Penalty to Evgeny Svechnikov for Hooking.
5:42 of 1st period - Bo Horvat wins face-off versus Jujhar Khaira in CAROLINA Hurricanes zone.
5:45 of 1st period - Shot by Victor Hedman.
5:45 of 1st period - Stopped by Anders Nilsson with a rebound.
5:47 of 1st period - Shot by Victor Hedman.
5:47 of 1st period - Deflect By Blake Wheeler.
5:47 of 1st period - Goal by Blake Wheeler - CAROLINA Hurricanes : 0 - BOSTON Bruins : 3.
5:48 of 1st period - Bo Horvat wins face-off versus Peter Holland in neutral zone.
6:35 of 1st period - Icing by Toby Enstrom.
6:36 of 1st period - Peter Holland wins face-off versus Patrice Bergeron in CAROLINA Hurricanes zone.
7:00 of 1st period - Shot by Alex Tuch.
7:00 of 1st period - Shot Misses the Net.
7:20 of 1st period - Brad Marchand is hit by Alex Tuch and loses puck.
7:56 of 1st period - Shot by Troy Stecher.
7:56 of 1st period - Shot Misses the Net.
7:58 of 1st period - Shot by Troy Stecher.
7:58 of 1st period - Shot Misses the Net.
8:14 of 1st period - Victor Hedman is hit by Jujhar Khaira and loses puck.
9:15 of 1st period - Shot by Ivan Provorov.
9:15 of 1st period - Stopped by Frederik Andersen without a rebound.
9:16 of 1st period - Peter Holland wins face-off versus David Krejci in BOSTON Bruins zone.
10:18 of 1st period - Shot by Andreas Athanasiou.
10:18 of 1st period - Stopped by Frederik Andersen with a rebound.
11:08 of 1st period - Icing by Matt Dumba.
11:09 of 1st period - Andreas Athanasiou wins face-off versus Nolan Patrick in BOSTON Bruins zone.
11:18 of 1st period - Shot by Andreas Athanasiou.
11:18 of 1st period - Deflect By Peter Holland.
11:18 of 1st period - Shot Blocked by Adam Cracknell.
11:30 of 1st period - Shot by Niklas Kronwall.
11:30 of 1st period - Stopped by Frederik Andersen without a rebound.
11:31 of 1st period - Patrice Bergeron wins face-off versus Brock McGinn in BOSTON Bruins zone.
11:31 of 1st period - Patrice Bergeron is hit by Chris Terry.
12:05 of 1st period - Shot by Patrice Bergeron.
12:05 of 1st period - Shot Misses the Net.
12:07 of 1st period - Shot by Phil Kessel.
12:07 of 1st period - Goal by Phil Kessel - CAROLINA Hurricanes : 0 - BOSTON Bruins : 4.
12:08 of 1st period - David Krejci wins face-off versus Jujhar Khaira in neutral zone.
12:13 of 1st period - Icing by Niklas Kronwall.
12:14 of 1st period - Jujhar Khaira wins face-off versus David Krejci in CAROLINA Hurricanes zone.
12:29 of 1st period - Kevan Miller is hit by Jujhar Khaira and loses puck.
13:54 of 1st period - Icing by Victor Hedman.
13:55 of 1st period - Patrice Bergeron wins face-off versus Andreas Athanasiou in BOSTON Bruins zone.
14:19 of 1st period - Icing by Joe Morrow.
14:20 of 1st period - Andreas Athanasiou wins face-off versus Bo Horvat in CAROLINA Hurricanes zone.
14:45 of 1st period - Icing by Johnny Boychuk.
14:46 of 1st period - Bo Horvat wins face-off versus Jujhar Khaira in BOSTON Bruins zone.
15:41 of 1st period - Shot by Alex Tuch.
15:41 of 1st period - Shot Blocked by Matt Dumba.
16:12 of 1st period - Icing by Nikita Soshnikov.
16:13 of 1st period - Patrice Bergeron wins face-off versus Peter Holland in CAROLINA Hurricanes zone.
16:16 of 1st period - Shot by Brad Marchand.
16:16 of 1st period - Shot Misses the Net.
16:25 of 1st period - Icing by Mattias Ekholm.
16:26 of 1st period - Patrice Bergeron wins face-off versus Jujhar Khaira in BOSTON Bruins zone.
17:48 of 1st period - Shot by Shea Theodore.
17:48 of 1st period - Stopped by Anders Nilsson without a rebound.
17:49 of 1st period - Nolan Patrick wins face-off versus Alex Tuch in CAROLINA Hurricanes zone.
18:02 of 1st period - Shot by Mattias Ekholm.
18:02 of 1st period - Shot Misses the Net.
18:04 of 1st period - Shot by Mattias Ekholm.
18:04 of 1st period - Stopped by Anders Nilsson with a rebound.
18:06 of 1st period - Shot by Mattias Ekholm.
18:06 of 1st period - Shot Blocked by Troy Stecher.
18:10 of 1st period - Shot by Tomas Hertl.
18:10 of 1st period - Stopped by Anders Nilsson without a rebound.
18:11 of 1st period - Peter Holland wins face-off versus Patrice Bergeron in CAROLINA Hurricanes zone.
18:36 of 1st period - Shot by Phil Kessel.
18:36 of 1st period - Stopped by Anders Nilsson without a rebound.
18:37 of 1st period - Andreas Athanasiou wins face-off versus David Krejci in CAROLINA Hurricanes zone.
19:01 of 1st period - Icing by Andreas Athanasiou.
19:02 of 1st period - Bo Horvat wins face-off versus Andreas Athanasiou in CAROLINA Hurricanes zone.
19:20 of 1st period - Shot by Andreas Athanasiou.
19:20 of 1st period - Deflect By Brock McGinn.
19:20 of 1st period - Shot Blocked by Mattias Ekholm.
19:29 of 1st period - Icing by Mattias Ekholm.
19:30 of 1st period - Bo Horvat wins face-off versus Peter Holland in BOSTON Bruins zone.
19:36 of 1st period - Victor Hedman is hit by Ivan Provorov and loses puck.
Goals for this period are 0 for CAROLINA Hurricanes vs 4 for BOSTON Bruins.
Shots for this period are 7 for CAROLINA Hurricanes vs 13 for BOSTON Bruins.

2nd period


0:01 of 2nd period - Andreas Athanasiou wins face-off versus Brad Marchand in neutral zone.
0:42 of 2nd period - Shot by Andreas Athanasiou.
0:42 of 2nd period - Stopped by Frederik Andersen without a rebound.
0:43 of 2nd period - Bo Horvat wins face-off versus Kasperi Kapanen in BOSTON Bruins zone.
0:43 of 2nd period - Bo Horvat is hit by Jujhar Khaira.
0:46 of 2nd period - Blake Wheeler is hit by Evgeny Svechnikov and loses puck.
0:56 of 2nd period - Bo Horvat is hit by Toby Enstrom.
1:13 of 2nd period - Minor Penalty to Joe Morrow for Slashing.
1:14 of 2nd period - Patrice Bergeron wins face-off versus Evgeny Svechnikov in CAROLINA Hurricanes zone.
1:37 of 2nd period - Shot by Patrice Bergeron.
1:37 of 2nd period - Stopped by Anders Nilsson without a rebound.
1:38 of 2nd period - Bo Horvat wins face-off versus Andreas Athanasiou in CAROLINA Hurricanes zone.
1:43 of 2nd period - Shot by Blake Wheeler.
1:43 of 2nd period - Stopped by Anders Nilsson without a rebound.
1:44 of 2nd period - Bo Horvat wins face-off versus Evgeny Svechnikov in CAROLINA Hurricanes zone.
2:12 of 2nd period - Blake Wheeler is hit by Toby Enstrom and loses puck.
2:25 of 2nd period - Shot by Victor Hedman.
2:25 of 2nd period - Shot Blocked by Toby Enstrom.
2:27 of 2nd period - Shot by Matt Dumba.
2:27 of 2nd period - Stopped by Anders Nilsson without a rebound.
2:28 of 2nd period - Patrice Bergeron wins face-off versus Evgeny Svechnikov in CAROLINA Hurricanes zone.
2:29 of 2nd period - Shot by Brad Marchand.
2:29 of 2nd period - Stopped by Anders Nilsson without a rebound.
2:30 of 2nd period - Patrice Bergeron wins face-off versus Evgeny Svechnikov in CAROLINA Hurricanes zone.
2:30 of 2nd period - Brad Marchand is hit by Ivan Provorov and loses puck.
2:35 of 2nd period - Shot by Phil Kessel.
2:35 of 2nd period - Shot Misses the Net.
2:37 of 2nd period - Shot by Patrice Bergeron.
2:37 of 2nd period - Deflect By Brad Marchand.
2:37 of 2nd period - Shot Misses the Net.
2:39 of 2nd period - Shot by Phil Kessel.
2:39 of 2nd period - Stopped by Anders Nilsson without a rebound.
2:40 of 2nd period - Brad Marchand wins face-off versus Brock McGinn in CAROLINA Hurricanes zone.
2:45 of 2nd period - Shot by Patrice Bergeron.
2:45 of 2nd period - Shot Misses the Net.
3:29 of 2nd period - Andreas Athanasiou is hit by Kevan Miller and loses puck.
3:35 of 2nd period - Icing by Shea Theodore.
3:36 of 2nd period - Bo Horvat wins face-off versus Jujhar Khaira in BOSTON Bruins zone.
4:23 of 2nd period - Bo Horvat is hit by Ivan Provorov and loses puck.
4:38 of 2nd period - Shea Theodore is hit by Brock McGinn and loses puck.
4:44 of 2nd period - Icing by Shea Theodore.
4:45 of 2nd period - Andreas Athanasiou wins face-off versus Bo Horvat in BOSTON Bruins zone.
4:57 of 2nd period - Shot by Troy Stecher.
4:57 of 2nd period - Stopped by Frederik Andersen without a rebound.
4:58 of 2nd period - Patrice Bergeron wins face-off versus Andreas Athanasiou in BOSTON Bruins zone.
5:21 of 2nd period - Shot by Patrice Bergeron.
5:21 of 2nd period - Deflect By Phil Kessel.
5:21 of 2nd period - Shot Blocked by Joe Morrow.
5:23 of 2nd period - Shot by Patrice Bergeron.
5:23 of 2nd period - Stopped by Anders Nilsson without a rebound.
5:24 of 2nd period - Logan Shaw wins face-off versus Jujhar Khaira in CAROLINA Hurricanes zone.
5:45 of 2nd period - Shot by Jujhar Khaira.
5:45 of 2nd period - Stopped by Frederik Andersen with a rebound.
5:53 of 2nd period - Shot by Matt Dumba.
5:53 of 2nd period - Shot Misses the Net.
6:08 of 2nd period - Icing by David Krejci.
6:09 of 2nd period - David Krejci wins face-off versus Andreas Athanasiou in BOSTON Bruins zone.
6:19 of 2nd period - Icing by Jason Garrison.
6:20 of 2nd period - Patrice Bergeron wins face-off versus Andreas Athanasiou in CAROLINA Hurricanes zone.
7:48 of 2nd period - Shot by Blake Wheeler.
7:48 of 2nd period - Stopped by Anders Nilsson with a rebound.
7:50 of 2nd period - Shot by Shea Theodore.
7:50 of 2nd period - Stopped by Anders Nilsson without a rebound.
7:51 of 2nd period - David Krejci wins face-off versus Jujhar Khaira in CAROLINA Hurricanes zone.
7:56 of 2nd period - Shot by David Krejci.
7:56 of 2nd period - Shot Misses the Net.
7:59 of 2nd period - Icing by Evgeny Svechnikov.
8:00 of 2nd period - David Krejci wins face-off versus Jujhar Khaira in CAROLINA Hurricanes zone.
8:12 of 2nd period - Off-side.
8:13 of 2nd period - Andreas Athanasiou wins face-off versus Patrice Bergeron in neutral zone.
8:38 of 2nd period - Shot by Patrice Bergeron.
8:38 of 2nd period - Stopped by Anders Nilsson without a rebound.
8:39 of 2nd period - Jujhar Khaira wins face-off versus David Krejci in CAROLINA Hurricanes zone.
8:50 of 2nd period - Icing by David Krejci.
8:51 of 2nd period - David Krejci wins face-off versus Nikita Soshnikov in BOSTON Bruins zone.
9:04 of 2nd period - Shot by Logan Shaw.
9:04 of 2nd period - Stopped by Anders Nilsson without a rebound.
9:05 of 2nd period - Patrice Bergeron wins face-off versus Andreas Athanasiou in CAROLINA Hurricanes zone.
9:05 of 2nd period - Patrice Bergeron is hit by Ivan Provorov.
9:39 of 2nd period - Shot by Patrice Bergeron.
9:39 of 2nd period - Shot Misses the Net.
10:05 of 2nd period - Niklas Kronwall is hit by Matt Dumba and loses puck.
10:33 of 2nd period - Icing by Matt Dumba.
10:34 of 2nd period - Kasperi Kapanen wins face-off versus Bo Horvat in BOSTON Bruins zone.
11:04 of 2nd period - Kasperi Kapanen is hit by Johnny Boychuk and loses puck.
11:18 of 2nd period - Off-side.
11:19 of 2nd period - Jujhar Khaira wins face-off versus Patrice Bergeron in neutral zone.
11:24 of 2nd period - Shot by Jujhar Khaira.
11:24 of 2nd period - Stopped by Frederik Andersen without a rebound.
11:25 of 2nd period - Andreas Athanasiou wins face-off versus Phil Kessel in BOSTON Bruins zone.
11:51 of 2nd period - Brad Marchand is hit by Joe Morrow and loses puck.
11:54 of 2nd period - Shot by Mattias Ekholm.
11:54 of 2nd period - Stopped by Anders Nilsson with a rebound.
12:01 of 2nd period - Phil Kessel is hit by Joe Morrow and loses puck.
12:08 of 2nd period - Shot by Patrice Bergeron.
12:08 of 2nd period - Deflect By Brad Marchand.
12:08 of 2nd period - Goal by Brad Marchand - CAROLINA Hurricanes : 0 - BOSTON Bruins : 5.
12:09 of 2nd period - David Krejci wins face-off versus Jujhar Khaira in neutral zone.
12:34 of 2nd period - Icing by Niklas Kronwall.
12:35 of 2nd period - Nolan Patrick wins face-off versus Jujhar Khaira in CAROLINA Hurricanes zone.
13:22 of 2nd period - Minor Penalty to Matt Dumba for Hooking.
13:23 of 2nd period - Patrice Bergeron wins face-off versus Andreas Athanasiou in BOSTON Bruins zone.
13:32 of 2nd period - Shot by Patrice Bergeron.
13:32 of 2nd period - Shot Misses the Net.
13:58 of 2nd period - Shot by Andreas Athanasiou.
13:58 of 2nd period - Stopped by Frederik Andersen without a rebound.
13:59 of 2nd period - Patrice Bergeron wins face-off versus Kasperi Kapanen in BOSTON Bruins zone.
14:12 of 2nd period - Shot by Patrice Bergeron.
14:12 of 2nd period - Shot Misses the Net.
14:48 of 2nd period - Victor Hedman is hit by Brock McGinn and loses puck.
15:03 of 2nd period - Shot by Kris Russell.
15:03 of 2nd period - Stopped by Frederik Andersen without a rebound.
15:04 of 2nd period - Bo Horvat wins face-off versus Alex Tuch in BOSTON Bruins zone.
15:12 of 2nd period - Off-side.
15:13 of 2nd period - Bo Horvat wins face-off versus Andreas Athanasiou in neutral zone.
15:35 of 2nd period - Shot by David Krejci.
15:35 of 2nd period - Shot Misses the Net.
15:37 of 2nd period - Shot by David Krejci.
15:37 of 2nd period - Shot Misses the Net.
15:39 of 2nd period - Shot by Adrian Kempe.
15:39 of 2nd period - Shot Misses the Net.
15:41 of 2nd period - Shot by Victor Hedman.
15:41 of 2nd period - Stopped by Anders Nilsson without a rebound.
15:42 of 2nd period - Tomas Hertl wins face-off versus Andreas Athanasiou in CAROLINA Hurricanes zone.
16:25 of 2nd period - Shot by Blake Wheeler.
16:25 of 2nd period - Stopped by Anders Nilsson without a rebound.
16:26 of 2nd period - Jujhar Khaira wins face-off versus Phil Kessel in CAROLINA Hurricanes zone.
16:26 of 2nd period - Jujhar Khaira is hit by Brad Marchand.
16:32 of 2nd period - Shot by Ivan Provorov.
16:32 of 2nd period - Stopped by Frederik Andersen with a rebound.
16:49 of 2nd period - Off-side.
16:50 of 2nd period - David Krejci wins face-off versus Andreas Athanasiou in neutral zone.
17:14 of 2nd period - Alex Tuch is hit by Matt Dumba and loses puck.
17:22 of 2nd period - Icing by Matt Dumba.
17:23 of 2nd period - David Krejci wins face-off versus Jujhar Khaira in BOSTON Bruins zone.
17:35 of 2nd period - Shot by Niklas Kronwall.
17:35 of 2nd period - Shot Blocked by Matt Dumba.
17:37 of 2nd period - Shot by Ivan Provorov.
17:37 of 2nd period - Shot Misses the Net.
17:54 of 2nd period - Niklas Kronwall is hit by Matt Dumba and loses puck.
17:59 of 2nd period - Shot by Ivan Provorov.
17:59 of 2nd period - Stopped by Frederik Andersen with a rebound.
18:01 of 2nd period - Shot by Ivan Provorov.
18:01 of 2nd period - Deflect By Jujhar Khaira.
18:01 of 2nd period - Stopped by Frederik Andersen without a rebound.
18:02 of 2nd period - Patrice Bergeron wins face-off versus Andreas Athanasiou in BOSTON Bruins zone.
18:15 of 2nd period - Shot by Victor Hedman.
18:15 of 2nd period - Shot Hit the Post.
18:17 of 2nd period - Shot by Victor Hedman.
18:17 of 2nd period - Shot Blocked by Joe Morrow.
18:19 of 2nd period - Shot by Victor Hedman.
18:19 of 2nd period - Shot Misses the Net.
18:21 of 2nd period - Shot by Patrice Bergeron.
18:21 of 2nd period - Stopped by Anders Nilsson without a rebound.
18:22 of 2nd period - Blake Wheeler wins face-off versus Peter Holland in CAROLINA Hurricanes zone.
18:27 of 2nd period - Shot by Tomas Hertl.
18:27 of 2nd period - Shot Misses the Net.
19:25 of 2nd period - Shot by Patrice Bergeron.
19:25 of 2nd period - Deflect By Phil Kessel.
19:25 of 2nd period - Stopped by Anders Nilsson without a rebound.
19:26 of 2nd period - Andreas Athanasiou wins face-off versus Patrice Bergeron in CAROLINA Hurricanes zone.
19:32 of 2nd period - Shot by Joe Morrow.
19:32 of 2nd period - Stopped by Frederik Andersen with a rebound.
Goals for this period are 0 for CAROLINA Hurricanes vs 1 for BOSTON Bruins.
Shots for this period are 10 for CAROLINA Hurricanes vs 16 for BOSTON Bruins.

3rd period


0:01 of 3rd period - Patrice Bergeron wins face-off versus Andreas Athanasiou in neutral zone.
0:03 of 3rd period - Off-side.
0:04 of 3rd period - Patrice Bergeron wins face-off versus Andreas Athanasiou in neutral zone.
0:14 of 3rd period - Phil Kessel is hit by Ivan Provorov and loses puck.
1:45 of 3rd period - Shot by Bo Horvat.
1:45 of 3rd period - Shot Blocked by Kris Russell.
2:03 of 3rd period - Shot by Jujhar Khaira.
2:03 of 3rd period - Shot Misses the Net.
2:41 of 3rd period - Shot by Andreas Athanasiou.
2:41 of 3rd period - Stopped by Frederik Andersen without a rebound.
2:42 of 3rd period - Phil Kessel wins face-off versus Jujhar Khaira in BOSTON Bruins zone.
2:42 of 3rd period - Phil Kessel is hit by Jujhar Khaira.
3:10 of 3rd period - Brad Marchand is hit by Toby Enstrom.
3:20 of 3rd period - Shot by Patrice Bergeron.
3:20 of 3rd period - Deflect By Phil Kessel.
3:20 of 3rd period - Shot Blocked by Joe Morrow.
3:51 of 3rd period - Shot by Adrian Kempe.
3:51 of 3rd period - Stopped by Anders Nilsson without a rebound.
3:52 of 3rd period - Nolan Patrick wins face-off versus Andreas Athanasiou in CAROLINA Hurricanes zone.
4:12 of 3rd period - Icing by Ivan Provorov.
4:13 of 3rd period - David Krejci wins face-off versus Andreas Athanasiou in CAROLINA Hurricanes zone.
4:52 of 3rd period - Shot by David Krejci.
4:52 of 3rd period - Shot Misses the Net.
5:16 of 3rd period - Shot by Peter Holland.
5:16 of 3rd period - Stopped by Frederik Andersen without a rebound.
5:17 of 3rd period - Andreas Athanasiou wins face-off versus Blake Wheeler in BOSTON Bruins zone.
6:00 of 3rd period - Shot by Bo Horvat.
6:00 of 3rd period - Shot Hit the Post.
6:29 of 3rd period - Shot by Evgeny Svechnikov.
6:29 of 3rd period - Shot Hit the Post.
6:31 of 3rd period - Shot by Jujhar Khaira.
6:31 of 3rd period - Shot Blocked by Mattias Ekholm.
6:41 of 3rd period - Shot by Kasperi Kapanen.
6:41 of 3rd period - Shot Blocked by Mattias Ekholm.
6:47 of 3rd period - Shot by Jujhar Khaira.
6:47 of 3rd period - Goal by Jujhar Khaira - CAROLINA Hurricanes : 1 - BOSTON Bruins : 5.
6:48 of 3rd period - David Krejci wins face-off versus Jujhar Khaira in neutral zone.
7:23 of 3rd period - Icing by Brock McGinn.
7:24 of 3rd period - Jujhar Khaira wins face-off versus Adam Cracknell in CAROLINA Hurricanes zone.
7:24 of 3rd period - Jujhar Khaira is hit by Tomas Hertl.
7:47 of 3rd period - Shot by Tomas Hertl.
7:47 of 3rd period - Shot Misses the Net.
7:57 of 3rd period - Shot by Andreas Athanasiou.
7:57 of 3rd period - Shot Misses the Net.
8:12 of 3rd period - Icing by Kevan Miller.
8:13 of 3rd period - Nolan Patrick wins face-off versus Evgeny Svechnikov in BOSTON Bruins zone.
8:13 of 3rd period - Tomas Hertl is hit by Evgeny Svechnikov and loses puck.
8:30 of 3rd period - Shot by Toby Enstrom.
8:30 of 3rd period - Shot Misses the Net.
8:52 of 3rd period - Shot by Phil Kessel.
8:52 of 3rd period - Shot Misses the Net.
9:02 of 3rd period - Shot by Brad Marchand.
9:02 of 3rd period - Stopped by Anders Nilsson without a rebound.
9:03 of 3rd period - Andreas Athanasiou wins face-off versus David Krejci in CAROLINA Hurricanes zone.
9:07 of 3rd period - Icing by Ivan Provorov.
9:08 of 3rd period - Andreas Athanasiou wins face-off versus Patrice Bergeron in CAROLINA Hurricanes zone.
9:45 of 3rd period - Shot by Phil Kessel.
9:45 of 3rd period - Stopped by Anders Nilsson without a rebound.
9:46 of 3rd period - Peter Holland wins face-off versus David Krejci in CAROLINA Hurricanes zone.
9:46 of 3rd period - Peter Holland is hit by David Krejci.
10:26 of 3rd period - Shot by David Krejci.
10:26 of 3rd period - Goal by David Krejci - CAROLINA Hurricanes : 1 - BOSTON Bruins : 6.
10:27 of 3rd period - Patrice Bergeron wins face-off versus Andreas Athanasiou in neutral zone.
10:40 of 3rd period - Shot by Patrice Bergeron.
10:40 of 3rd period - Shot Blocked by Niklas Kronwall.
10:43 of 3rd period - Icing by Niklas Kronwall.
10:44 of 3rd period - Andreas Athanasiou wins face-off versus Bo Horvat in CAROLINA Hurricanes zone.
11:07 of 3rd period - Shot by Brock McGinn.
11:07 of 3rd period - Stopped by Frederik Andersen without a rebound.
11:08 of 3rd period - Patrice Bergeron wins face-off versus Evgeny Svechnikov in BOSTON Bruins zone.
11:22 of 3rd period - Shot by Peter Holland.
11:22 of 3rd period - Stopped by Frederik Andersen without a rebound.
11:23 of 3rd period - Bo Horvat wins face-off versus Andreas Athanasiou in BOSTON Bruins zone.
12:45 of 3rd period - Shot by Brad Marchand.
12:45 of 3rd period - Stopped by Anders Nilsson without a rebound.
12:46 of 3rd period - David Krejci wins face-off versus Jujhar Khaira in CAROLINA Hurricanes zone.
12:46 of 3rd period - Kevan Miller is hit by Joe Morrow and loses puck.
13:17 of 3rd period - Shot by Kevan Miller.
13:17 of 3rd period - Stopped by Anders Nilsson without a rebound.
13:18 of 3rd period - Peter Holland wins face-off versus Phil Kessel in CAROLINA Hurricanes zone.
13:35 of 3rd period - Minor Penalty to Evgeny Svechnikov for Holding.
13:36 of 3rd period - Patrice Bergeron wins face-off versus Andreas Athanasiou in CAROLINA Hurricanes zone.
14:39 of 3rd period - Shot by Johnny Boychuk.
14:39 of 3rd period - Stopped by Anders Nilsson without a rebound.
14:40 of 3rd period - Bo Horvat wins face-off versus Andreas Athanasiou in CAROLINA Hurricanes zone.
14:43 of 3rd period - Shot by Mattias Ekholm.
14:43 of 3rd period - Shot Misses the Net.
14:45 of 3rd period - Shot by Johnny Boychuk.
14:45 of 3rd period - Goal by Johnny Boychuk - CAROLINA Hurricanes : 1 - BOSTON Bruins : 7.
14:46 of 3rd period - Peter Holland wins face-off versus David Krejci in neutral zone.
15:03 of 3rd period - Shot by Kevan Miller.
15:03 of 3rd period - Stopped by Anders Nilsson with a rebound.
15:07 of 3rd period - Shot by David Krejci.
15:07 of 3rd period - Stopped by Anders Nilsson without a rebound.
15:08 of 3rd period - Patrice Bergeron wins face-off versus Jujhar Khaira in CAROLINA Hurricanes zone.
15:46 of 3rd period - Icing by Ivan Provorov.
15:47 of 3rd period - Bo Horvat wins face-off versus Jujhar Khaira in CAROLINA Hurricanes zone.
16:39 of 3rd period - Icing by Ivan Provorov.
16:40 of 3rd period - Patrice Bergeron wins face-off versus Kasperi Kapanen in CAROLINA Hurricanes zone.
16:45 of 3rd period - Shot by Patrice Bergeron.
16:45 of 3rd period - Stopped by Anders Nilsson without a rebound.
16:46 of 3rd period - Patrice Bergeron wins face-off versus Brock McGinn in CAROLINA Hurricanes zone.
17:43 of 3rd period - Off-side.
17:44 of 3rd period - Andreas Athanasiou wins face-off versus Bo Horvat in neutral zone.
17:59 of 3rd period - Shot by Kris Russell.
17:59 of 3rd period - Goal by Kris Russell - CAROLINA Hurricanes : 2 - BOSTON Bruins : 7.
18:00 of 3rd period - David Krejci wins face-off versus Peter Holland in neutral zone.
18:29 of 3rd period - Shot by Peter Holland.
18:29 of 3rd period - Stopped by Frederik Andersen without a rebound.
18:30 of 3rd period - Patrice Bergeron wins face-off versus Jujhar Khaira in BOSTON Bruins zone.
18:37 of 3rd period - Johnny Boychuk is hit by Jujhar Khaira and loses puck.
19:26 of 3rd period - Shot by Andreas Athanasiou.
19:26 of 3rd period - Stopped by Frederik Andersen without a rebound.
19:27 of 3rd period - Bo Horvat wins face-off versus Andreas Athanasiou in BOSTON Bruins zone.
19:29 of 3rd period - Icing by Blake Wheeler.
19:30 of 3rd period - Blake Wheeler wins face-off versus Andreas Athanasiou in BOSTON Bruins zone.
Goals for this period are 2 for CAROLINA Hurricanes vs 2 for BOSTON Bruins.
Shots for this period are 8 for CAROLINA Hurricanes vs 11 for BOSTON Bruins.